 Dungeon Crawl Stone Soup version 0.21-a0-584-g185da8e (webtiles) character file.

688 kibaces the Stinger (level 7, -3/32 HPs)
             Began as a Spriggan Venom Mage on Dec 20, 2017.
             Was an Initiate of Vehumet.
             Slain by a yak (11 damage)
             ... on level 9 of the Dungeon.
             The game lasted 00:28:32 (6689 turns).

kibaces the Stinger (Spriggan Venom Mage)           Turns: 6689, Time: 00:28:33

Health: -3/32      AC:  3    Str:  4    XL:     7   Next: 36%
Magic:  14/15      EV: 19    Int: 18    God:    Vehumet [......]
Gold:   246        SH:  0    Dex: 17    Spells: 10/16 levels left

rFire    . . .     SeeInvis +   i - +0 dagger
rCold    . . .     Gourm    .   (shield restricted)
rNeg     . . .     Faith    .   a - +0 robe
rPois    .         Spirit   .   (helmet restricted)
rElec    .         Reflect  .   s - +0 cloak
rCorr    .         Harm     .   (gloves unavailable)
MR       +....                  (boots unavailable)
Stlth    +++.......             (no amulet)
HPRegen  0.10/turn              (no ring)
MPRegen  0.14/turn              (no ring)

@: lethally poisoned (-3 -> -6), drained, very quick
A: very small, unfitting armour, see invisible, herbivore, speed 3, slow
metabolism 2
a: Renounce Religion


You were on level 9 of the Dungeon.
You worshipped Vehumet.
Vehumet was noncommittal.
You were not hungry.

You visited 1 branch of the dungeon, and saw 9 of its levels.

You collected 246 gold pieces.

Inventory:

Hand Weapons
 i - a +0 dagger (weapon)
Armour
 a - a +0 robe (worn)
 s - a +0 cloak (worn)
Scrolls
 d - 4 scrolls of teleportation {unknown}
 e - a scroll of fog {unknown}
 g - 2 scrolls of fear {unknown}
 j - 2 scrolls of enchant armour {unknown}
 l - 3 scrolls of identify {unknown}
 m - a scroll of random uselessness {unknown}
 n - 4 scrolls of remove curse {unknown}
 o - 2 scrolls of blinking {unknown}
 q - a scroll of magic mapping {unknown}
 u - a scroll of silence {unknown}
Potions
 f - a potion of flight {unknown}
 h - 2 potions of magic {unknown}
 k - a potion of ambrosia {unknown}
 p - 3 potions of heal wounds {unknown}
 r - a potion of agility {unknown}
 t - a potion of degeneration {unknown}
Books
 b - a Young Poisoner's Handbook

   Spells                             Type                      Level
   a - Sting                          Conjuration/Poison           1
   b - Poisonous Vapours              Poison/Air                   2
   c - Mephitic Cloud                 Conjuration/Poison/Air       3
   d - Olgreb's Toxic Radiance        Poison                       4
   e - Venom Bolt                     Conjuration/Poison           5
Comestibles
 c - 15 rations


   Skills:
 + Level 3.9(3.7) Dodging
 + Level 4.2(3.9) Stealth
 + Level 5.0(4.8) Spellcasting
 + Level 2.6(2.4) Conjurations
 + Level 2.7(2.5) Air Magic
 + Level 5.4(5.2) Poison Magic


You had 10 spell levels left.
You knew the following spells:

 Your Spells              Type           Power        Failure   Level  Hunger
a - Sting                 Conj/Pois      ###.         2%          1    None
b - Poisonous Vapours     Pois/Air       ###...       4%          2    #......
c - Mephitic Cloud        Conj/Pois/Air  ###.....     10%         3    ###....


Dungeon Overview and Level Annotations

Branches:
Dungeon (9/15)
 Temple: D:4-7         Lair: D:8-11         Orc: D:9-12

Altars:
Ashenzari
Cheibriados
Fedhas
Nemelex Xobeh
Okawaru
Vehumet

Shops:
D:5 *

Annotations:
D:3 TBriggs11TB's ghost, amateur HaHu
D:8 exclusion: two-headed ogre


Innate Abilities, Weirdness & Mutations

You are very small and have problems with some larger weapons.
You are too small for most types of armour.
You have supernaturally acute eyesight. (SInv)
You are a herbivore.
You cover ground extremely quickly.
You need consume almost no food.


Message History

The kobold hits the kobold with a dagger.
The kobold is killed!
Vehumet accepts your kill.
You feel sick. The yak gores you but does no damage.
The kobold closely misses you.
The kobold hits the kobold with a dagger.
Unknown command.
You feel less confused. The yak completely misses you. The kobold hits you.
* * * LOW HITPOINT WARNING * * *
The kobold closely misses the kobold.
Unknown command.
You feel sick. The yak closely misses you. The kobold barely misses you.
The kobold hits the kobold but does no damage.
The yak misses you. The kobold barely misses you.
The yak completely misses you. The kobold barely misses you.
The kobold misses you.
Unknown command.
The yak gores you!
You die...

##########
#@KK.(...#
#YK(.....# #
#YK......####..
#....()..#....#
#........'.#
#...(....###
#....(...#
######'### #.#


You could see 2 yaks and 4 kobolds.

Vanquished Creatures
  An ogre (D:4)
  2 howler monkeys (D:3)
  A hound (D:5)
  Crazy Yiuf (D:5)
  2 orc priests
  3 orc wizards
  A worker ant (D:6)
  A hound skeleton (D:5)
  7 gnolls
  8 adders
  A howler monkey skeleton (D:4)
  2 adder skeletons
  An adder zombie (D:5)
  A worm (D:2)
  4 dart slugs
  5 leopard geckos
  15 orcs
  4 giant cockroaches
  7 goblins
  8 hobgoblins
  8 jackals
  4 kobolds
  3 quokkas
  6 bats
  2 frilled lizards (D:2)
  A jackal skeleton (D:4)
  22 rats
121 creatures vanquished.

Vanquished Creatures (others)
  A kobold (D:9)
1 creature vanquished.

Grand Total: 122 creatures vanquished

Notes
Turn   | Place    | Note
-------+----------+-------------------------------------------
     0 | D:1      | kibaces the Spriggan Venom Mage began the quest for the Orb.
     0 | D:1      | Reached XP level 1. HP: 9/9 MP: 5/5
   545 | D:1      | Reached XP level 2. HP: 13/13 MP: 4/7
   549 | D:1      | Learned a level 2 spell: Poisonous Vapours
   685 | D:1      | Reached skill level 1 in Conjurations
  1218 | D:2      | Reached XP level 3. HP: 16/16 MP: 1/8
  1358 | D:2      | Learned a level 3 spell: Mephitic Cloud
  1550 | D:3      | Noticed TBriggs11TB's ghost (amateur HaHu)
  1679 | D:2      | Reached skill level 1 in Air Magic
  1953 | D:2      | Reached XP level 4. HP: 21/21 MP: 1/10
  2564 | D:2      | Reached XP level 5. HP: 24/24 MP: 6/11
  3557 | D:3      | Found an iron altar of Okawaru.
  3559 | D:3      | Found a snail-covered altar of Cheibriados.
  3566 | D:3      | Reached XP level 6. HP: 28/28 MP: 8/13
  3998 | D:3      | Reached skill level 5 in Poison Magic
  4425 | D:3      | Found a radiant altar of Vehumet.
  4446 | D:3      | Became a worshipper of Vehumet
  4493 | D:4      | Found a shattered altar of Ashenzari.
  4855 | D:4      | Reached XP level 7. HP: 32/32 MP: 7/15
  5176 | D:4      | Found a blossoming altar of Fedhas.
  5451 | D:5      | Entered Level 5 of the Dungeon
  5656 | D:5      | Found Xuurok's Assorted Antiques.
  6318 | D:5      | Found a runed door.
  6323 | D:5      | Noticed Crazy Yiuf
  6334 | D:5      | Killed Crazy Yiuf
  6334 | D:5      | Reached skill level 5 in Spellcasting
  6490 | D:7      | Noticed a hippogriff
  6525 | D:7      | Noticed a hungry ghost
  6539 | D:8      | Noticed a two-headed ogre
  6587 | D:9      | Noticed a two-headed ogre
  6620 | D:9      | Noticed a yak
  6622 | D:9      | Noticed a yak
  6622 | D:9      | Noticed a yak
  6622 | D:9      | Found a sparkling altar of Nemelex Xobeh.
  6689 | D:9      | Slain by a yak

Vault maps used:
D:1:      dpeg_arrival_solitude
D:2:      cheibrodos_pilgrimage
D:3:      vehumet_crystals, chequers_temple_overflow_statue_of_worship,
          first_ration, minmay_rat_hole, uniq_grinder
D:4:      nicolae_overflow_crystal_walls, fedhas_altar_fruit_tree,
          hangedman_decor_points
D:5:      serial_shops, shop, kennysheep_generic_room_8, uniq_crazy_yiuf_cottage
D:6:      cheibrodos_barr_body, lemuel_round_altar, lemuel_crystal_altar,
          minmay_temple_entry_statues
D:7:      kennysheep_mini, nicolae_overflow_hidden_temple, uniq_joseph
D:8:      gammafunk_temple_overflow_elements, gammafunk_temple_overflow_statue,
          kennysheep_mini_moat, uniq_maurice
D:9:      overflow_temple_1_default, old_standard_altar

Skill      XL: |  1  2  3  4  5  6  7 |
---------------+----------------------+-----
Spellcasting   | 3 4 5 |  5.0
Conjurations   | 1 2 |  2.6
Air Magic      | 1 2 |  2.7
Poison Magic   | 4 5 |  5.4
Stealth        | 4 |  4.2
Dodging        | |  3.9

Action                   |  1- 3 |  4- 6 |  7- 9 || total
-------------------------+-------+-------+-------++-------
Melee: Unarmed           |    19 |       |       ||    19
       Dagger            |    15 |    15 |   108 ||   138
 Cast: Sting             |    84 |   102 |    18 ||   204
       Poisonous Vapours |    17 |    52 |    13 ||    82
       Mephitic Cloud    |       |     1 |     1 ||     2
 Stab: Sleeping          |       |       |     2 ||     2
  Eat: Ration            |       |     2 |     1 ||     3
Armor: Robe              |    17 |     3 |    10 ||    30
Dodge: Dodged            |    54 |    33 |   112 ||   199

Table legend:
 A = Spawn XP
 B = Non-spawn XP
 C = Spawn XP percentage of total XP
 D = Spawn monster count
 E = Non-spawn monster count
 F = Spawn count percentage of total count
 G = Total turns spent on level
                    A         B        C        D         E        F      G
               +---------+---------+-------+---------+---------+-------+---------
         Total |       0 |     983 |   0.0 |       0 |     121 |   0.0 |  6689
               +---------+---------+-------+---------+---------+-------+---------
           D:1 |       0 |      33 |   0.0 |       0 |      15 |   0.0 |  1142
           D:2 |       0 |     189 |   0.0 |       0 |      36 |   0.0 |  1840
           D:3 |       0 |     297 |   0.0 |       0 |      46 |   0.0 |  1492
           D:4 |       0 |     266 |   0.0 |       0 |      13 |   0.0 |  1066
           D:5 |       0 |     118 |   0.0 |       0 |       6 |   0.0 |   789
           D:6 |       0 |      35 |   0.0 |       0 |       2 |   0.0 |   157
           D:7 |       0 |      43 |   0.0 |       0 |       1 |   0.0 |    45
           D:9 |       0 |       2 |   0.0 |       0 |       2 |   0.0 |   102
               +---------+---------+-------+---------+---------+-------+---------
